AoeStats
← tominosik

Arena

509951590Analyzed
1v1 RM · 4d ago on Sep 28, 2026· 58m 32s· 2 players
Game mode
Random Map
Map size
Tiny (2 player)
Population
200
Speed
Normal
Resources
Standard
Victory
Conquest
Starting age
Dark Age
Ending age
Imperial Age
RankedLock teamsTeams togetherTeam positionsShared explorationLock speedFull tech treeHidden civsTurbo modeCheats
Victory
Defeat
🇨🇿 Goths · Czechia
1007
+45
🇧🇷 Portuguese · Brazil
1000
-48
Sorratero
14:24 Feudal Age
15:43 Wheelbarrow
15:03 Double-Bit Axe
15:01 Horse Collar
17:19 Loom
25:04 Castle Age
27:51 Hand Cart
28:04 Heavy Plow
28:30 Bow Saw
38:14 Imperial Age
36:25 Fervor
39:05 Ballistics
40:00 Chemistry
41:54 Two-Man Saw
41:29 Crop Rotation
41:25 Fortified Wall
41:42 Arquebus
43:00 Elite Organ Gun
44:04 Man-at-Arms
44:33 Gambesons
44:51 Town Watch
45:28 Masonry
45:12 Treadmill Crane
45:57 Siege Engineers
46:11 Forging
46:02 Scale Mail Armor
46:07 Scale Barding Armor
46:03 Padded Archer Armor
45:54 Fletching
46:23 Guilds
48:25 Gold Mining
48:33 Stone Mining
49:30 Iron Casting
49:11 Chain Mail Armor
49:16 Chain Barding Armor
49:12 Leather Archer Armor
48:52 Bodkin Arrow
48:27 Long Swordsman
48:42 Pikeman
53:59 Architecture
53:33 Murder Holes
53:49 Fortified Wall
53:06 Halberdier
55:13 Town Patrol
tominosik
0:42 Loom
11:25 Feudal Age
12:15 Man-at-Arms
13:39 Wheelbarrow
13:33 Double-Bit Axe
17:41 Forging
18:17 Horse Collar
18:42 Town Watch
20:09 Gold Mining
20:21 Scale Mail Armor
21:33 Stone Mining
25:29 Castle Age
28:12 Stone Shaft Mining
29:24 Heavy Plow
30:03 Iron Casting
33:41 Anarchy
38:21 Imperial Age
36:07 Town Patrol
36:53 Chain Mail Armor
37:32 Squires
39:16 Hand Cart
39:20 Bow Saw
40:16 Blast Furnace
40:45 Elite Huskarl
43:44 Conscription
44:25 Fervor
44:36 Sanctity
44:18 Devotion
45:39 Crop Rotation
47:31 Faith
47:38 Illumination
48:06 Long Swordsman
48:49 Perfusion
49:25 Two-Handed Swordsman
50:12 Champion
53:31 Murder Holes
53:57 Ballistics
54:38 Chemistry
53:49 Masonry
55:11 Theocracy
54:33 Herbal Medicine
Connection lost

Rejoining the realm…

Still unreachable

The connection could not be restored.

Session expired

The server has moved on; the page needs a fresh start.